 Dungeon Sprint DCSS version 0.31-a0-832-g3a2c1c66ba (webtiles) character file.

Game seed: 16909407512806456125

1085 Conn the Thaumaturge (level 8, -4/50 HPs)
             Began as an Octopode Fire Elementalist on Sept 24, 2023.
             Was a High Priest of Sif Muna.
             Killed by an exploding Gastronok (54 damage)
             ... ignited by their inner flame
             ... in the Dungeon (Sprint VII: "The Pits").
             The game lasted 00:08:13 (1186 turns).

Conn the Thaumaturge (Octopode Fire Elementalist)   Turns: 1186, Time: 00:08:17

Health: -4/50      AC:  1    Str:  8    XL:     8   Next: 30%
Magic:  11/22      EV: 17    Int: 22    God:    Sif Muna [*****.]
Gold:   0          SH:  0    Dex: 12    Spells: 6/27 levels left

rFire   . . .        l - +2 quarterstaff (protect)
rCold   . . .        (shield currently unavailable)
rNeg    . . .        (helmet restricted)
rPois   .            (no amulet)
rElec   .            m - +3 ring of intelligence
rCorr   .            n - +3 ring of evasion
SInv    .            (no ring)
Will    .....        (no ring)
Stlth   ++++         (no ring)
HPRegen 0.28/turn    (no ring)
MPRegen 0.18/turn    (no ring)
                     (no ring)

%: no teleportation
@: channelling
A: almost no armour, amphibious, 8 rings, camouflage 1, gelatinous body 1,
(nimble swimmer 1), tentacles
a: Renounce Religion, Channel Magic, Forget Spell, Divine Exegesis


You were in the Dungeon.
You worshipped Sif Muna.
Sif Muna was extremely pleased with you.
You visited 1 branch

Inventory:

Hand Weapons
 k - a +2 dagger
 l - a +2 quarterstaff of protection (weapon)
 q - the +2 scimitar of Caoted {elec, Fly}
   (You found it in the Dungeon)

   Fly:       It grants you flight.
Jewellery
 m - a +3 ring of intelligence (left tentacle)
 n - a +3 ring of evasion (right tentacle)
Scrolls
 f - a scroll of blinking
 h - 2 scrolls of vulnerability
 i - 5 scrolls of amnesia
 j - a scroll of summoning
Potions
 a - 5 potions of magic
 b - 6 potions of curing
 c - 13 potions of heal wounds
 d - a potion of haste
 e - 5 potions of berserk rage
 g - 2 potions of invisibility
 o - a potion of mutation
 p - a potion of might


   Skills:
 + Level 2.2 Fighting
 + Level 1.2 Short Blades
 + Level 3.0 Staves
 + Level 4.1 Dodging
 - Level 4.5 Stealth
 + Level 10.0 Spellcasting
 * Level 6.6 Conjurations
 + Level 2.1 Hexes
 + Level 9.5 Fire Magic
 * Level 6.1 Invocations


You had 6 spell levels left.
You knew the following spells:

 Your Spells              Type           Power      Damage    Failure   Level
a - Foxfire               Conj/Fire      100%       2x1d9     1%          1
b - Scorch                Fire           100%       2d9       1%          2
c - Inner Flame           Hex/Fire       36%        N/A       1%          3
d - Flame Wave            Conj/Fire      46%        2d12      2%          4
e - Starburst             Conj/Fire      23%        6d8       32%         6
f - Arcjolt               Conj/Air       12%        1d22      41%         5

Your spell library contained the following spells:

 Spells                   Type           Power      Damage    Failure   Level
 Volatile Blastmotes      Fire/Tloc      64%        2d15      2%          3
 Apportation              Tloc           22%        N/A       6%          1
 Manifold Assault         Tloc           11%        N/A       52%         4
 Vhi's Electric Charge    Tloc/Air       22%        N/A       52%         4
 Orb of Destruction       Conj           20%        9d8       98%         7
 Fire Storm               Conj/Fire      23%        8d6       100%        9


Dungeon Overview and Level Annotations

Branches:
Dungeon (1/1)

Altars:
Ashenzari
Cheibriados
Dithmenos
Elyvilon
Fedhas
Gozag
Hepliaklqana
Kikubaaqudgha
Makhleb
Nemelex Xobeh
Okawaru
Qazlal
Ru
Sif Muna
Trog
Uskayaw
Vehumet
Wu Jian
Xom
Yredelemnul
Zin
The Shining One
Jiyva
Lugonu


Innate Abilities, Weirdness & Mutations

You cannot wear most types of armour.
You are amphibious.
You can wear up to eight rings at the same time.
Your skin changes colour to match your surroundings (Stealth+).
Your rubbery body absorbs attacks. (AC +1, EV +1)
((You are camouflaged when in or above water. (Stealth+)))
You have tentacles for arms and can constrict up to eight enemies at once.


Message History

Unknown command.
You aren't carrying any items that you can evoke.
Unknown command.
Unknown command.
Unknown command.
You feel much better.
Gastronok gurgles, "It's true, you are what you eat."
Gastronok chants a spell, wobbling all the while.
Unknown command.
Casting: Scorch (safe; 1% risk of failure)
Confirm with . or Enter, or press ? or * to list all spells.
Okay, then.
Unknown command.
Unknown command.
Unknown command.
Unknown command.
Unknown command.
Unknown command.
Unknown command.
Unknown command.
Casting: Scorch (safe; 1% risk of failure)
Confirm with . or Enter, or press ? or * to list all spells.
Flames lash Gastronok.
Gastronok is burned terribly!
Flame seeps out of Gastronok.
Gastronok is heavily wounded.
Gastronok is engulfed in blazing flames.
Flame seeps out of Gastronok.
Casting: Scorch (safe; 1% risk of failure)
Confirm with . or Enter, or press ? or * to list all spells.
Flames lash Gastronok.
Gastronok is burned terribly!
Flame seeps out of Gastronok.
Gastronok is almost dead.
The river rat completely misses you.
Gastronok is engulfed in blazing flames.
Sif Muna accepts your kill.
The river rat disappears in a puff of smoke!
Gastronok explodes!
The fiery explosion engulfs you!!!
Ouch! That really hurt!
You die...

###'##................#
))'.##......#..#......#
###.##................+
.....'..............).+
'#####......#..#......#
.#..##................#
.#))#####'#####''######
##.)##.......##''#
.#))##.......##.@##
.#[[##.......##§§.##
.#'###...<...###○§.#
....##.......#
##○.......
....##.......#
†○###+###
######.......# ..##
.#..###########..
.#.############..
.#.#....#..[[###.


There were no monsters in sight!

Vanquished Creatures
  Gastronok (D)
  A polar bear (D)
  A troll (D)
  A tarantella (D)
  A water moccasin (D)
  A phantom (D)
  A scorpion (D)
  A hound (D)
  An iron imp (D)
  A gnoll bouda (D)
  An orc wizard (D)
  A hell rat (D)
  An adder (D)
  5 gnolls (D)
  2 white imps (D)
  An adder skeleton (D)
  A worm (D)
  3 giant cockroaches (D)
  2 goblins (D)
  A hobgoblin (D)
  A ball python skeleton (D)
  2 frilled lizards (D)
31 creatures vanquished.

Vanquished Creatures (others)
  36 foxfires (D)
36 creatures vanquished.

Grand Total: 67 creatures vanquished

Notes
Turn   | Place    | Note
-------+----------+-------------------------------------------
     0 | D        | Conn the Octopode Fire Elementalist began the quest for the
                  | Orb.
     0 | D        | Reached XP level 1. HP: 11/11 MP: 3/3
    49 | D        | Found a glowing golden altar of the Shining One.
    49 | D        | Found a glowing silver altar of Zin.
    49 | D        | Found a basalt altar of Yredelemnul.
    49 | D        | Found a shimmering altar of Xom.
    49 | D        | Found an ornate altar of the Wu Jian Council.
    49 | D        | Found a bloodstained altar of Trog.
    49 | D        | Found a shimmering blue altar of Sif Muna.
    49 | D        | Found a sacrificial altar of Ru.
    49 | D        | Found a stormy altar of Qazlal.
    49 | D        | Found an iron altar of Okawaru.
    49 | D        | Found a sparkling altar of Nemelex Xobeh.
    49 | D        | Found a burning altar of Makhleb.
    49 | D        | Found a viscous altar of Jiyva.
    49 | D        | Found a hazy altar of Hepliaklqana.
    49 | D        | Found an opulent altar of Gozag.
    49 | D        | Found a blossoming altar of Fedhas.
    49 | D        | Found a white marble altar of Elyvilon.
    49 | D        | Found a shadowy altar of Dithmenos.
    49 | D        | Found a snail-covered altar of Cheibriados.
    50 | D        | Found a radiant altar of Vehumet.
    50 | D        | Found a corrupted altar of Lugonu.
    51 | D        | Found an ancient bone altar of Kikubaaqudgha.
    51 | D        | Found a hide-covered altar of Uskayaw.
    51 | D        | Found a broken altar of Ashenzari.
    52 | D        | Became a worshipper of Sif Muna the Loreminder
   106 | D        | Reached * piety under Sif Muna
   113 | D        | Reached XP level 2. HP: 7/17 MP: 0/5
   147 | D        | Reached skill level 3 in Spellcasting
   211 | D        | Noticed a phantom
   216 | D        | Reached ** piety under Sif Muna
   217 | D        | Reached XP level 3. HP: 21/21 MP: 5/7
   238 | D        | Learned a level 2 spell: Scorch
   242 | D        | Learned a level 3 spell: Inner Flame
   251 | D        | Reached skill level 5 in Fire Magic
   366 | D        | Killed a phantom
   367 | D        | Reached skill level 5 in Spellcasting
   367 | D        | Reached XP level 4. HP: 9/27 MP: 1/11
   520 | D        | Noticed a scorpion
   526 | D        | Killed a scorpion
   526 | D        | Reached *** piety under Sif Muna
   527 | D        | Reached skill level 1 in Short Blades
   527 | D        | Reached skill level 6 in Spellcasting
   527 | D        | Reached skill level 1 in Invocations
   527 | D        | Reached XP level 5. HP: 32/32 MP: 1/13
   562 | D        | Reached skill level 1 in Fighting
   685 | D        | Reached **** piety under Sif Muna
   685 | D        | Noticed a water moccasin
   686 | D        | Reached skill level 7 in Spellcasting
   686 | D        | Reached XP level 6. HP: 38/38 MP: 12/16
   688 | D        | Killed a water moccasin
   689 | D        | Reached skill level 8 in Spellcasting
   796 | D        | Reached ***** piety under Sif Muna
   822 | D        | Noticed a tarantella
   827 | D        | Killed a tarantella
   828 | D        | Reached skill level 1 in Staves
   828 | D        | Reached skill level 9 in Spellcasting
   828 | D        | Reached skill level 5 in Conjurations
   828 | D        | Reached skill level 1 in Hexes
   828 | D        | Reached XP level 7. HP: 20/43 MP: 9/19
   919 | D        | Identified Sif Muna's Almanac of Cynicism (Sif Muna gifted
                  | it to you in the Dungeon)
   919 | D        | Received a gift from Sif Muna
   978 | D        | Learned a level 4 spell: Flame Wave
   985 | D        | Learned a level 6 spell: Starburst
   993 | D        | Noticed a troll
   993 | D        | Killed a troll
   994 | D        | Reached skill level 5 in Invocations
   994 | D        | Reached XP level 8. HP: 50/50 MP: 13/21
  1090 | D        | Got the +2 scimitar of Caoted {elec, Fly}
  1164 | D        | Learned a level 5 spell: Arcjolt
  1170 | D        | Noticed Gastronok
  1170 | D        | Noticed a polar bear
  1175 | D        | Killed a polar bear
  1176 | D        | Reached skill level 10 in Spellcasting
  1186 | D        | Killed Gastronok
  1186 | D        | Killed by an exploding Gastronok... ignited by their inner
                  | flame

Illustrated notes

Levels and vault maps discovered:
D:        pitsprint [storerooms_1, entrance_room_1, metal_vault_5, armoury_2,
          mini_pit_1, grid_room_1, main_hall_1, silver_pit, the_coven_1,
          the_vestibule_1, steel_vault_2, golden_pit, hallway_of_sentries,
          crystal_vault_5, iron_vault_1, final_vault]

Skill      XL: |  1  2  3  4  5  6  7  8 |
---------------+-------------------------+-----
Stealth        | 3 4 |  4.5
Fire Magic     | 4 6 7 8 9 |  9.5
Spellcasting   | 3 5 6 7 9 10 | 10.0
Conjurations   | 2 3 4 5 6 |  6.6
Dodging        | 3 4 |  4.1
Short Blades   | 1 |  1.2
Invocations    | 1 2 4 5 6 |  6.1
Fighting       | 1 2 |  2.2
Staves         | 1 2 3 |  3.0
Hexes          | 1 2 |  2.1

Action                     |  1- 3 |  4- 6 |  7- 9 || total
---------------------------+-------+-------+-------++-------
  Melee: Dagger            |    10 |       |       ||    10
         Tentacles         |     1 |     4 |       ||     5
         Quarterstaff      |       |    12 |       ||    12
         Constrict         |       |     3 |       ||     3
   Cast: Foxfire           |    14 |     6 |     3 ||    23
         Scorch            |     3 |    12 |    10 ||    25
         Inner Flame       |     1 |     2 |     7 ||    10
 Invoke: Channel Magic     |       |       |     1 ||     1
    Use: Potion            |       |       |     1 ||     1
   Stab: Sleeping          |     1 |       |       ||     1
         Distracted        |       |     1 |       ||     1
 Armour: Skin              |     8 |     8 |     2 ||    18
  Dodge: Dodged            |     7 |    11 |     4 ||    22

Table legend: (Time is in decaauts)
 A = Elapsed time spent in this place.
 B = Non-inter-level travel time spent in this place.
 C = Inter-level travel time spent in this place.
 D = Time resting spent in this place.
 E = Time spent auto-exploring this place.
 F = Levels seen in this place.
 G = Mean time per level.
                   A        B        C        D        E       F      G
               +--------+--------+--------+--------+--------+-----+--------+
         Total |   1187 |   1187 |      0 |    594 |      0 |   1 | 1187.0 |
       Dungeon |   1187 |   1187 |      0 |    594 |      0 |   1 | 1187.0 |
               +--------+--------+--------+--------+--------+-----+--------+

Top non-repeatable levels by time:
       D: 1187 daAuts
